 Seeded DCSS version 0.30.1 (webtiles) character file.

Game seed: 1882581695637917331 (custom seed)

274344 McKennaii the Eclecticist (level 18, -8/147 HPs)
             Began as a Demigod Conjurer on July 12, 2023.
             Killed by divine providence
             ... invoked by a deep elf high priest
              (12 damage)
             ... on level 3 of the Elven Halls.
             The game lasted 01:11:23 (46614 turns).

McKennaii the Eclecticist (Demigod Conjurer)       Turns: 46614, Time: 01:11:23

Health: -8/147     AC: 12    Str: 29    XL:     18   Next: 81%
Magic:  36/49      EV: 11    Int: 42    God:
Gold:   3878       SH: 13    Dex: 14    Spells: 38/58 levels left

rFire   + + .        U - staff of conjuration
rCold   + + +        M - +2 kite shield {AC+3}
rNeg    . . .        W - +3 leather armour of the Saviour {Harm rPois rF+ Str+2}
rPois   +            S - +0 helmet "Zayrrey" {Str+5}
rElec   +            V - scarf {rC+ rF+}
rCorr   .            j - +3 pair of gauntlets of War {Slay+5}
SInv    +            p - +0 pair of boots of the Doldrums {Int+6}
Will    ++...        q - amulet of magic regeneration
Stlth   ++           d - ring "Saluro" {rElec rC+ Str+6 Dex+2}
HPRegen 0.44/turn    X - ring of the Original Sin {rC+ Will+ SInv}
MPRegen 0.71/turn

%: harm (+30% outgoing, +20% incoming)
@: corroded, studying Ice Magic
A: high MP 1, forlorn, divine attributes
}: 2/15 runes: decaying, gossamer
a: no special abilities


You were on level 3 of the Elven Halls.
You visited 6 branches of the dungeon, and saw 33 of its levels.
You also visited: Sewer, Bailey and Ice Cave.

You collected 4404 gold pieces.
You spent 526 gold pieces at shops.

Inventory:

Hand Weapons
 A - a +7 flail of draining
Armour
 j - the +3 pair of gauntlets of War (worn) {Slay+5}
   (You acquired it on level 14 of the Dungeon)

   Slay:      It affects your accuracy & damage with ranged weapons and melee
   (+5).
 p - the +0 pair of boots of the Doldrums (worn) {Int+6}
   (You acquired it on level 14 of the Dungeon)

   Int:       It affects your intelligence (+6).
 M - a +2 kite shield of protection (worn)
 S - the +0 helmet "Zayrrey" (worn) {Str+5}
   (You found it on level 2 of the Swamp)

   Str:       It affects your strength (+5).
 V - a scarf of resistance (worn)
 W - the +3 leather armour of the Saviour (worn) {Harm rPois rF+ Str+2}
   (You found it on level 3 of the Lair of Beasts)

   Str:       It affects your strength (+2).
   rF:        It protects you from fire.
   rPois:     It protects you from poison.
   Harm:      It increases damage dealt and taken.
Magical Staves
 U - a staff of conjuration (weapon)
Jewellery
 d - the ring "Saluro" (left hand) {rElec rC+ Str+6 Dex+2}
   (You acquired it on level 6 of the Dungeon)

   [ring of strength]

   Str:       It affects your strength (+6).
   Dex:       It affects your dexterity (+2).
   rC:        It protects you from cold.
   rElec:     It insulates you from electricity.
 q - an amulet of magic regeneration (around neck)
 r - a ring of wizardry
 x - a ring of ice
 J - a ring of fire
 Q - a ring of poison resistance
 X - the ring of the Original Sin (right hand) {rC+ Will+ SInv}
   (You found it on level 14 of the Dungeon)

   [ring of protection from cold]

   rC:        It protects you from cold.
   SInv:      It lets you see invisible.
   Will:      It increases your willpower.
Wands
 v - a wand of iceblast (31)
 E - a wand of polymorph (15)
 K - a wand of charming (40)
 L - a wand of digging (13)
 O - a wand of flame (22)
 R - a wand of mindburst (15)
 Y - a wand of light (25)
Scrolls
 e - 10 scrolls of amnesia
 f - 9 scrolls of poison
 g - 3 scrolls of silence
 i - 10 scrolls of magic mapping
 l - 9 scrolls of enchant weapon
 n - 5 scrolls of vulnerability
 o - 4 scrolls of blinking
 t - 5 scrolls of enchant armour
 y - 3 scrolls of brand weapon
 B - 8 scrolls of immolation
 C - 8 scrolls of teleportation
 H - 3 scrolls of torment
 T - 3 scrolls of fog
 Z - a scroll of fear
Potions
 a - 6 potions of brilliance
 b - 4 potions of magic
 c - 11 potions of ambrosia
 h - 12 potions of curing
 k - 6 potions of cancellation
 m - 5 potions of invisibility
 s - 2 potions of might
 u - 7 potions of haste
 w - a potion of experience
 z - 5 potions of flight
 D - 10 potions of heal wounds
 F - 6 potions of mutation
 G - 5 potions of resistance
 I - 6 potions of attraction
 P - 5 potions of berserk rage


   Skills:
 - Level 10.0 Fighting
 - Level 5.0 Armour
 - Level 1.7 Dodging
 - Level 1.7 Stealth
 - Level 10.0 Shields
 + Level 20.7 Spellcasting
 - Level 20.0 Conjurations


You had 38 spell levels left.
You knew the following spells:

 Your Spells              Type           Power      Damage    Failure   Level
a - Magic Dart            Conj           100%       1d8       0%          1
b - Searing Ray           Conj           100%       2d8       0%          2
c - Iskenderun's Mystic   Conj/Tloc      100%       2d19      1%          4
d - Iron Shot             Conj/Erth      56%        9d11      2%          6
e - Orb of Destruction    Conj           72%        9d17      1%          7

Your spell library contained the following spells:

 Spells                   Type           Power      Damage    Failure   Level
 Iskenderun's Battlesphe  Conj           100%       2d15      0%          5
 Necrotise                Necr           100%       1d9       1%          1
 Slow                     Hex            100%       N/A       1%          1
 Blink                    Tloc           86%        N/A       1%          2
 Sublimation of Blood     Necr           43%        N/A       1%          2
 Dazzling Flash           Conj/Hex       100%       N/A       1%          3
 Fulminant Prism          Conj/Hex       56%        3d24      1%          4
 Irradiate                Conj/Tmut      56%        3d30      1%          5
 Confusing Touch          Hex            43%        N/A       2%          3
 Ozocubu's Armour         Ice            43%        N/A       2%          3
 Summon Guardian Golem    Hex/Summ       43%        N/A       2%          3
 Tukima's Dance           Hex            43%        N/A       2%          3
 Vampiric Draining        Necr           43%        2d9       2%          3
 Cause Fear               Hex            21%        N/A       9%          4
 Leda's Liquefaction      Hex/Erth       21%        N/A       9%          4
 Manifold Assault         Tloc           43%        N/A       9%          4
 Passage of Golubria      Tloc           43%        N/A       9%          4
 Petrify                  Tmut/Erth      43%        N/A       9%          4
 Spellforged Servitor     Conj/Summ      56%        N/A       13%         7
 Agony                    Necr           43%        N/A       26%         5
 Lee's Rapid Deconstruct  Erth           21%        3d12*     26%         5
 Metabolic Englaciation   Hex/Ice        21%        N/A       26%         5
 Silence                  Hex/Air        21%        N/A       26%         5
 Summon Forest            Summ/Tloc      21%        N/A       26%         5
 Yara's Violent Unravell  Hex/Tmut       21%        3d10      26%         5
 Dispersal                Tloc           21%        N/A       80%         6
 Eringya's Noxious Bog    Tmut/Pois      21%        N/A       80%         6
 Simulacrum               Ice/Necr       21%        N/A       80%         6
 Statue Form              Tmut/Erth      28%        N/A       80%         6
 Dragon Form              Tmut           21%        N/A       100%        7
 Ozocubu's Refrigeration  Ice            21%        4d12      100%        7
 Storm Form               Tmut/Air       21%        N/A       100%        7
 Summon Hydra             Summ           21%        N/A       100%        7
 Disjunction              Tloc           21%        N/A       100%        8
 Dragon's Call            Summ           21%        N/A       100%        9


Dungeon Overview and Level Annotations

Branches:
Dungeon (15/15)            Temple (0/1) D:7            Lair (5/5) D:10
  Swamp (4/4) Lair:2       Spider (4/4) Lair:2        Slime (0/5) Lair:4
    Orc (2/2) D:11            Elf (3/3) Orc:2        Vaults (0/5) D:14
 Depths (0/4) D:15          Sewer (visited)          Bailey (visited)
  IceCv (visited)

Shops:
D:15 [   Orc:2 *(=(   Elf:1 (

Portals:
Trove: D:11 (give horn of Geryon)

Annotations:
D:14 2 transporters, ripuliukko's ghost, journeyman DEEE
Elf:3 1 runed translucent door, AIAndy's ghost, adept BaHu


Innate Abilities, Weirdness & Mutations

You have an increased reservoir of magic. (+10% MP)
You shall have no god before yourself.
Your divine heritage dramatically boosts your attributes as you level up.


Message History

The deep elf zephyrmancer blinks!
The deep elf blademaster closely misses you.
The deep elf blademaster hits you with a +0 rapier!
There is a stone staircase leading up, spattered with blood here.
You feel a surge of power!
The iron shot misses the deep elf blademaster.
The deep elf blademaster hits you with a +0 rapier!
You block the deep elf blademaster's attack.
Unknown command.
You feel a surge of power!
The iron shot misses the deep elf blademaster.
You block the deep elf blademaster's attack. x2
The deep elf sorcerer mumbles some strange words.
The deep elf sorcerer seems to speed up.
The deep elf blademaster hits you with a +0 rapier!
The deep elf blademaster misses you.
Casting: Iron Shot (dangerous; 2% risk of failure)
Confirm with . or Enter, or press ? or * to list all spells.
You feel a surge of power!
You erupt in a blast of force!
The mystic blast hits the deep elf blademaster!
The deep elf blademaster is lightly wounded.
The deep elf blademaster is knocked back by the mystic blast.
The deep elf blademaster slams into the rock wall!
The deep elf blademaster is moderately wounded.
The deep elf sorcerer points at you and mumbles some strange words.
The bolt of acid hits you!!!
The deep elf zephyrmancer casts a spell at you.
The bolt of lightning hits you! You resist.
A deep elf high priest comes into view.
You hear a shout! x2
Unknown command.
You block the deep elf blademaster's attack.
The deep elf blademaster barely misses you.
The deep elf sorcerer gestures at you while chanting.
The bolt of acid hits you!!!
* * * LOW HITPOINT WARNING * * *
The acid corrodes you!
The deep elf high priest mumbles some strange prayers to its god against you.
Something smites you!
You die...

#####)...###############...#.....
....)))....................#.....
...........................#..###
.........e.................#..#..
#####.....)).e..########...#..#..
.......#..#............#...#..'..
.......#..#...|....)...#...#..#..
.####..#).#.....)'.##..#...#..#..
.#..#..#..#.).e.@...#..#...#..#..
.'..#..#..#....e....#..#...#..#..
.#..#..#..#..#......#..#...#..#..
.#..#..#..#..#......#..#...#..#..
.####..#..#..#......#..#...#..#..
.......#..#..#......#..#...#..#..
.......#..#..########..#...#..###
.......#..#............))..#.....
.####..#..#............#...#.....


You could see a deep elf blademaster, a deep elf sorcerer (fast, empowered), a
deep elf high priest and a deep elf zephyrmancer (empowered).

Vanquished Creatures
  A tentacled monstrosity (Swamp:4)
  A deep elf blademaster (Elf:3)
  Kirke (Swamp:1)
  The ghost of Levsong the Sensei, an adept MfGl of Wu Jian (Spider:4)
  2 thorn hunters (Swamp:4)
  Roxanne (Swamp:4)
  A frost giant (IceCv)
  Louise (Spider:3)
  5 emperor scorpions (Spider:4)
  2 deep elf sorcerers (Elf:3)
  3 deep elf elementalists
  5 ghost moths (Spider:4)
  2 ghouls (Swamp:3)
  A very ugly thing (D:14)
  6 broodmothers
  A deep elf annihilator (Elf:1)
  A deep elf demonologist (Elf:2)
  Azrael (Orc:2)
  Nessos (D:15)
  2 bunyips
  10 eleionomae
  2 dire elephants (Spider:1)
  Snorg (Lair:4)
  4 spark wasps
  2 deep elf death magi (Elf:3)
  Josephine (D:12)
  7 entropy weavers
  3 deep elf high priests (Elf:3)
  21 hydras
  2 shambling mangroves
  3 radroaches (Spider:4)
  5 centaur warriors
  4 ghost crabs
  9 alligators
  5 jorogumos
  An ogre mage (D:14)
  7 boulder beetles
  16 death yaks
  8 two-headed ogres
  24 dancing weapons
  2 death scarabs (Spider:4)
  3 orc high priests (Orc:2)
  2 thrashing horrors (D:14)
  12 deep elf knights
  A skyshark (Lair:5)
  A shock serpent (shapeshifter) (D:15)
  A skeletal warrior (D:14)
  7 pharaoh ants
  3 death drakes
  2 deep trolls (D:15)
  3 sun moths
  10 goliath frogs
  7 deep elf archers
  5 orb spiders
  3 wizards
  An orange crystal statue (Elf:1)
  5 steelbarb worms
  15 swamp dragons
  6 bog bodies
  3 spriggan druids
  A necromancer (D:15)
  34 deep elf pyromancers
  5 orc knights
  23 deep elf zephyrmancers
  22 wolf spiders
  6 orc sorcerers
  5 cyclopes
  A manticore (D:12)
  A worldbinder (D:14)
  5 will-o-the-wisps
  25 elephants
  12 ugly things
  4 moths of wrath
  2 gargoyles
  An eye of devastation (Lair:4)
  3 torpor snails
  4 demonic crawlers
  An ice statue (IceCv)
  2 black mambas (Lair:2)
  3 centaur skeletons (D:14)
  Maggie (D:7)
  A komodo dragon (shapeshifter) (D:14)
  A rime drake (shapeshifter) (D:13)
  Psyche (D:9)
  An efreet (D:14)
  11 rime drakes
  11 cane toads
  2 yaktaurs (D:14)
  3 kobold demonologists
  5 komodo dragons
  8 polar bears
  12 trolls
  3 meliai (Spider:3)
  13 blink frogs
  A bloated husk (Swamp:3)
  12 tyrant leeches
  24 hornets
  24 tarantellas
  A dream sheep (Lair:5)
  30 jumping spiders
  A shadow (D:10)
  3 slime creatures (D:15)
  3 water elementals
  3 air elementals
  3 wyverns
  29 yaks
  5 hogs (Swamp:1)
  25 culicivoras
  23 spriggans
  6 wraiths
  3 basilisks
  5 fire elementals (Orc:2)
  2 steam dragons
  56 redbacks
  6 vampire mosquitoes
  2 wargs
  Menkaure (D:5)
  Edmund (D:5)
  11 swamp worms
  An acid dragon (D:14)
  3 hell hounds
  A floating eye (Lair:4)
  26 water moccasins
  7 swamp drakes
  17 orc warriors
  A sky beast (D:6)
  7 black bears
  An ice beast (D:7)
  5 boggarts
  14 centaurs
  41 wolves
  5 ogres
  A phantom (D:4)
  15 kobold brigands
  A necrophage (Swamp:3)
  3 scorpions (D:5)
  9 bullfrogs
  An earth elemental (Elf:1)
  9 gnoll sergeants
  18 wights
  2 electric eels
  A howler monkey (D:9)
  5 hounds
  3 jellies (D:6)
  6 gnoll boudas (Bailey)
  20 orc priests
  Ijyb (D:3)
  A sleepcap (D:6)
  4 iguanas
  Terence (D:3)
  20 orc wizards
  6 hell rats (Lair:3)
  A boggart skeleton (D:14)
  13 adders
  25 gnolls
  16 river rats
  2 shadow imps
  3 white imps
  4 worms
  3 dart slugs
  54 orcs
  4 bats
  9 endoplasms
  2 giant cockroaches
  10 goblins
  11 hobgoblins
  2 jackals (D:3)
  16 kobolds
  9 quokkas
  5 ball pythons
  2 frilled lizards (D:2)
  22 rats
1248 creatures vanquished.

Vanquished Creatures (others)
  A manticore (D:10)
  A spriggan (Swamp:3)
  A swamp worm (Swamp:2)
  A quokka (D:8)
  9 foxfires
13 creatures vanquished.

Grand Total: 1261 creatures vanquished

Notes
Turn   | Place    | Note
-------+----------+-------------------------------------------
     0 | D:1      | McKennaii the Demigod Conjurer began the quest for the Orb.
     0 | D:1      | Reached XP level 1. HP: 14/14 MP: 5/5
   537 | D:1      | Reached XP level 2. HP: 4/20 MP: 0/7
   540 | D:1      | Learned a level 2 spell: Searing Ray
  1376 | D:2      | Reached XP level 3. HP: 26/26 MP: 3/9
  2290 | D:3      | Noticed Terence
  2452 | D:3      | Killed Terence
  2453 | D:3      | Reached XP level 4. HP: 23/33 MP: 3/11
  2695 | D:3      | Noticed Ijyb
  2705 | D:3      | Killed Ijyb
  3171 | D:4      | Reached XP level 5. HP: 38/38 MP: 9/13
  3191 | D:4      | Reached skill level 5 in Conjurations
  3397 | D:4      | Noticed an ogre
  3413 | D:4      | Killed an ogre
  3414 | D:4      | Reached XP level 6. HP: 45/45 MP: 8/15
  3419 | D:4      | Learned a level 4 spell: Iskenderun's Mystic Blast
  3976 | D:5      | Entered Level 5 of the Dungeon
  4200 | D:5      | Reached XP level 7. HP: 50/50 MP: 12/17
  4214 | D:5      | Noticed Menkaure
  4217 | D:5      | Killed Menkaure
  4218 | D:5      | Reached skill level 5 in Spellcasting
  4389 | D:5      | Noticed Edmund
  4408 | D:5      | Killed Edmund
  4643 | D:5      | Identified the +1 robe "Cige Wuagaj" {rCorr MP-9 Archmagi}
  5048 | D:6      | Reached XP level 8. HP: 54/57 MP: 17/20
  5542 | D:6      | Found a glowing drain.
  5556 | Sewer    | Entered a sewer
  6197 | Sewer    | Reached XP level 9. HP: 44/62 MP: 2/24
  6382 | D:6      | Identified a scroll of acquirement
  6384 | D:6      | Acquired the ring "Saluro" {rElec rC+ Str+6 Dex+2}
  6998 | D:7      | Noticed Maggie
  7006 | D:7      | Killed Maggie
  7228 | D:7      | Found a flagged portal.
  7300 | Bailey   | Entered a bailey
  7686 | Bailey   | Reached skill level 10 in Conjurations
  8370 | D:7      | Reached XP level 10. HP: 69/69 MP: 23/27
  8819 | D:7      | Found a staircase to the Ecumenical Temple.
  9428 | D:8      | Reached skill level 10 in Spellcasting
  9741 | D:9      | Noticed a two-headed ogre
  9749 | D:9      | Killed a two-headed ogre
 10063 | D:9      | Noticed Psyche
 10071 | D:9      | Killed Psyche
 10835 | D:10     | Entered Level 10 of the Dungeon
 11139 | D:10     | Reached XP level 11. HP: 72/74 MP: 9/30
 11334 | D:10     | Noticed a deep elf pyromancer
 11335 | D:10     | Noticed a boulder beetle
 11345 | D:10     | Noticed a boulder beetle
 11346 | D:10     | Noticed a boulder beetle
 11355 | D:10     | Noticed a tengu warrior
 11536 | D:10     | Found a staircase to the Lair.
 12260 | D:11     | Found a portal to a secret trove of treasure.
 12474 | D:11     | Found a staircase to the Orcish Mines.
 12484 | D:11     | You fall into a shaft and drop 1 floor!
 12797 | D:12     | Noticed Josephine
 12806 | D:12     | Killed Josephine
 12973 | D:12     | Noticed a boulder beetle
 13069 | Lair:1   | Entered Level 1 of the Lair of Beasts
 13139 | Lair:1   | Identified the +0 chain mail of the Great Game {Will+}
 13822 | Lair:1   | Noticed a death yak
 13945 | D:10     | Killed a death yak
 14601 | Lair:2   | Reached XP level 12. HP: 81/81 MP: 14/33
 14785 | Lair:2   | Found a staircase to the Swamp.
 15063 | Lair:2   | You fall into a shaft and drop 1 floor!
 15173 | Lair:3   | Found a frozen archway.
 15227 | IceCv    | Entered an ice cave
 16283 | IceCv    | Noticed a frost giant
 16314 | IceCv    | Reached skill level 15 in Conjurations
 16388 | IceCv    | Killed a frost giant
 17081 | Lair:2   | Reached XP level 13. HP: 32/86 MP: 17/35
 17344 | Lair:2   | Identified the +1 leather armour of the Foremost Portals
                  | {Contam rN++}
 17562 | Lair:2   | Found a hole to the Spider Nest.
 17933 | Lair:3   | Acquired a staff of conjuration
 17948 | Lair:3   | Identified the +0 ring mail "Viuvvydo" {rCorr Str+4}
 18174 | Lair:3   | Identified the +3 leather armour of the Saviour {Harm rPois
                  | rF+ Str+2}
 18820 | Lair:4   | Noticed Snorg
 18834 | Lair:4   | Killed Snorg
 19449 | Lair:4   | Found a staircase to the Slime Pits.
 19789 | Lair:5   | Entered Level 5 of the Lair of Beasts
 20363 | Lair:5   | Reached skill level 15 in Spellcasting
 20822 | Lair:5   | Reached XP level 14. HP: 93/93 MP: 29/38
 20928 | Lair:5   | Reached skill level 1 in Armour
 24130 | D:14     | Reached skill level 5 in Armour
 24493 | D:14     | Acquired the +0 pair of boots of the Doldrums {Int+6}
 24507 | D:14     | Acquired the +3 pair of gauntlets of War {Slay+5}
 24507 | D:14     | Found the +3 pair of gauntlets of War {Slay+5}
 24735 | D:14     | Found a transporter.
 24736 | D:14     | Noticed ripuliukko's ghost (journeyman DEEE)
 24739 | D:14     | Identified the +10 great mace of Nachenew {freeze, rPois
                  | rC+ Will+}
 24739 | D:14     | Noticed a frost giant
 24750 | D:14     | Found a transporter.
 25526 | D:14     | Identified the +3 scale mail "Ruddet" {rCorr}
 25539 | D:14     | Found a gate to the Vaults.
 25558 | D:14     | Found a transporter.
 25558 | D:14     | Found a transporter.
 25584 | D:14     | Reached XP level 15. HP: 97/99 MP: 19/40
 25624 | D:14     | Identified the ring of the Original Sin {rC+ Will+ SInv}
 25741 | D:15     | Entered Level 15 of the Dungeon
 25946 | D:15     | Found Lotit's Armour Shoppe.
 25952 | D:15     | Bought a +2 kite shield of protection for 236 gold pieces
 26295 | D:15     | Reached skill level 1 in Shields
 26453 | D:15     | Found a staircase to the Depths.
 26801 | D:15     | Noticed Nessos
 26875 | D:15     | Killed Nessos
 27266 | Orc:1    | Entered Level 1 of the Orcish Mines
 27421 | Orc:2    | Entered Level 2 of the Orcish Mines
 27421 | Orc:2    | Noticed Azrael
 27434 | Orc:2    | Killed Azrael
 27736 | Orc:2    | Found a staircase to the Elven Halls.
 28021 | Orc:2    | Found Zahel's Antique Weapon Shop.
 28035 | Orc:2    | Reached skill level 1 in Fighting
 28182 | Orc:2    | Found Duux's Assorted Antiques.
 28184 | Orc:2    | Found Cuame's Jewellery Emporium.
 28187 | Orc:2    | Found Ciamikli's Antique Weapon Emporium.
 28253 | Orc:2    | Bought a scroll of identify for 58 gold pieces
 28254 | Orc:2    | Bought a potion of invisibility for 232 gold pieces
 29123 | Swamp:1  | Entered Level 1 of the Swamp
 29687 | Swamp:2  | Identified the +4 chain mail "Wacaej" {rC+}
 30002 | Swamp:1  | Noticed Kirke
 30024 | Swamp:1  | Killed Kirke
 30025 | Swamp:1  | Reached skill level 5 in Shields
 30915 | Swamp:2  | Reached skill level 5 in Fighting
 30915 | Swamp:2  | Reached XP level 16. HP: 92/119 MP: 26/43
 30921 | Swamp:2  | You fall into a shaft and drop 1 floor!
 31657 | Swamp:2  | Identified the +0 helmet "Zayrrey" {Str+5}
 32403 | Swamp:3  | Identified the staff of poison "Peozuo Wauka" {rPois Str+2}
 32592 | Swamp:4  | Entered Level 4 of the Swamp
 32602 | Swamp:4  | Noticed a tentacled monstrosity
 32771 | Swamp:3  | Acquired a book of Dangerous Friends
 32781 | Swamp:3  | Learned a level 7 spell: Orb of Destruction
 33221 | Swamp:4  | Killed a tentacled monstrosity
 33355 | Swamp:4  | Noticed Roxanne
 33364 | Swamp:4  | Killed Roxanne
 34031 | Swamp:4  | Got a decaying rune of Zot
 34154 | Spider:1 | Entered Level 1 of the Spider Nest
 35595 | Spider:1 | Reached XP level 17. HP: 77/136 MP: 15/45
 37465 | Spider:3 | Acquired a book of Power
 37474 | Spider:3 | Learned a level 6 spell: Iron Shot
 37905 | Spider:3 | Noticed Louise
 37908 | Spider:3 | Reached skill level 10 in Shields
 37959 | Spider:3 | Killed Louise
 38313 | Spider:4 | Entered Level 4 of the Spider Nest
 39241 | Spider:4 | Found a transporter.
 39241 | Spider:4 | Noticed Levsong's ghost (adept MfGl)
 39244 | Spider:4 | Found a transporter.
 39260 | Spider:4 | Reached skill level 10 in Fighting
 40955 | Spider:4 | Got a gossamer rune of Zot
 41056 | Spider:4 | Reached XP level 18. HP: 96/147 MP: 10/47
 41351 | Spider:4 | Killed Levsong's ghost
 41757 | Elf:1    | Entered Level 1 of the Elven Halls
 43313 | Elf:1    | Found Fereico Ynuck's Antique Weapon Shop.
 43950 | Elf:2    | Identified the +5 leather armour "Senolonoe" {Rampage SInv}
 44425 | Elf:2    | Found a runed translucent gate.
 44425 | Elf:2    | Found a runed translucent gate.
 44426 | Elf:2    | Found a runed translucent gate.
 45218 | Elf:3    | Entered Level 3 of the Elven Halls
 45368 | Elf:3    | Noticed AIAndy's ghost (adept BaHu)
 45384 | Elf:3    | Found a runed translucent door.
 46614 | Elf:3    | HP: 4/147 [deep elf sorcerer/bolt of acid (52)]
 46614 | Elf:3    | Killed from afar by a deep elf high priest

Illustrated notes

Levels and vault maps discovered:
D:1:      dpeg_arrival_erosion, layout_basic
D:2:      layout_basic, minmay_tripent
D:3:      layout_loops_ring, nicolae_wu_jian_wuxing_cycle, serial_bayou_pond_d,
          uniq_ijyb, uniq_terence
D:4:      layout_basic, lemuel_round_altar, kennysheep_slug_shrine,
          minmay_misc_feat_hallway, nicolae_kite_square_tiling_tiny
D:5:      layout_loops_corners, uniq_menkaure, uniq_edmund
D:6:      layout_loops_ring, kennysheep_mini, portal_sewer_entry_c,
          hangedman_decor_lopped, serial_bayou_crossing
D:7:      layout_loops_ring, old_standard_altar, temple_green, enter_bailey_3,
          serial_park_tiny_2, uniq_maggie
D:8:      layout_gridville, elyvilon_altar_4
D:9:      layout_basic, mainiacjoe_overflow_24_doors,
          mainiacjoe_overflow_catwalk, chequers_serial_rivers_small_a,
          uniq_psyche
D:10:     layout_grid_maze, due_lair_maze_entry_diamond, minivault_12
D:11:     layout_roguey, orc_0_dummy, enter_trove_3
D:12:     layout_basic, uniq_josephine
D:13:     layout_gridville
D:14:     gammafunk_corrupted_shrine, layout_loops_ring,
          hangedman_vaults_entry_quadrant_bands, hangedman_decor_growths,
          gammafunk_ghost_smash
D:15:     hangedman_depths_entry_civil_slaughter, layout_stronghold,
          serial_shops, shop, uniq_nessos
Lair:1:   layout_long_grid, grunt_megastairs_3
Lair:2:   layout_hall_layers, swamp_mist, nicolae_spider_entry_lesser_pyramids,
          worms_lemuel
Lair:3:   lemuel_ratsnest, layout_small_grid, portal_ice_cave_rime,
          beast_lair_carwin_10, infiniplex_staircase_pool_2
Lair:4:   layout_misc_corridors, minmay_slime_entry_eyes, basic_altar,
          uniq_snorg
Lair:5:   minmay_lair_end_enchanted_forest, layout_concentric_octagons,
          nicolae_lair_lil_pond
Swamp:1:  layout_basic_swamp, serial_swamp_ruin, evilmike_swamp_ruin_rubble_1,
          evilmike_swamp_ruin_house_6, uniq_kirke
Swamp:2:  nicolae_swamp_wrong_neighborhood, layout_basic_swamp,
          evilmike_swamp_ruin_house_5, swamp_pool3,
          nicolae_swamp_stuck_in_the_mud
Swamp:3:  layout_basic_swamp, nicolae_swamp_small_spring
Swamp:4:  swamp_alternative, layout_basic_swamp, uniq_roxanne
Spider:1: layout_spider_delve, beargit_elvish_explorers
Spider:2: layout_spider_delve
Spider:3: nicolae_spider_hilbert_zone_5 [nicolae_spider_hilbert_3_sides_1_open,
          nicolae_spider_hilbert_4_sides_1_open,
          nicolae_spider_hilbert_4_sides_1_open,
          nicolae_spider_hilbert_6_sides_1_open,
          nicolae_spider_hilbert_6_sides_1_open], uniq_louise
Spider:4: spider_rune_water, gammafunk_ghost_arena
Orc:1:    layout_diamond_mine
Orc:2:    st_orc_elflike, layout_diamond_mine, uniq_azrael
Elf:1:    nicolae_elf_arrival_fired_up, layout_loops_cross, serial_shops, shop,
          hangedman_elf_disciples, minivault_16, dreamdust_princess_corridor,
          palyth_stone_intersect
Elf:2:    nicolae_elf_blades_splatter_lattice [infiniplex_blade_entry_pillars],
          layout_geoelf_grid, minivault_23
Elf:3:    minmay_elf_hall_four_x, layout_onion_city, serial_shops, shop,
          hellmonk_ghost_big_iron, dreamdust_wishing_well

Skill      XL: |  1  2  3  4  5  6  7  8  9 10 11 12 13 14 15 16 17 18 |
---------------+-------------------------------------------------------+-----
Spellcasting   | 2 3 4 6 7 9 10 12 13 15 16 17 18 19 20 | 20.7
Conjurations   | 4 5 6 7 8 10 12 13 15 16 17 18 19 20 | 20.0
Armour         | 5 |  5.0
Shields        | 5 9 10 | 10.0
Fighting       | 5 8 10 | 10.0
Dodging        | |  1.7
Stealth        | |  1.7

Action                     |  1- 3 |  4- 6 |  7- 9 | 10-12 | 13-15 | 16-18 || total
---------------------------+-------+-------+-------+-------+-------+-------++-------
  Melee: Unarmed           |     3 |       |       |       |       |       ||     3
         Short sword       |     1 |       |       |       |       |       ||     1
         Flail             |       |       |     1 |     4 |       |       ||     5
         Staff             |       |       |       |       |    16 |    14 ||    30
   Cast: Magic Dart        |    78 |   102 |   143 |   291 |   545 |   174 ||  1333
         Searing Ray       |     2 |    16 |    78 |    84 |    21 |     5 ||   206
         Iskenderun's Myst |       |       |    32 |   245 |   522 |   259 ||  1058
         Orb of Destructio |       |       |       |       |       |    94 ||    94
         Iron Shot         |       |       |       |       |       |   350 ||   350
  Evoke: Wand              |       |       |       |    13 |     1 |       ||    14
    Use: Scroll            |       |       |    10 |    15 |    12 |    11 ||    48
         Potion            |       |       |       |     3 |       |       ||     3
 Armour: Robe              |     5 |     6 |    13 |       |       |       ||    24
         Acid dragon scale |       |       |    21 |    10 |       |       ||    31
         Steam dragon scal |       |       |       |    35 |     6 |       ||    41
         Leather armour    |       |       |       |       |    81 |   122 ||   203
  Dodge: Dodged            |    13 |    21 |    72 |   151 |   161 |   157 ||   575
  Block: Kite shield       |       |       |       |       |    36 |   216 ||   252
